 Dungeon Crawl Stone Soup version 0.24-a0-358-g53aee78b01 (webtiles) character file.

Game seed: 13591430565943259321

8467 PgLoLo the Cleaver (level 11, -5/71 HPs)
             Began as a Gargoyle Fighter on May 25, 2019.
             Was a High Priest of Okawaru.
             Slain by a komodo dragon (10 damage)
             ... on level 1 of the Lair of Beasts.
             The game lasted 00:18:06 (8220 turns).

PgLoLo the Cleaver (Gargoyle Fighter)               Turns: 8220, Time: 00:18:07

Health: -5/71      AC: 29    Str: 22    XL:     11   Next: 31%
Magic:  11/11      EV:  7    Int: 10    God:    Okawaru [*****.]
Gold:   718        SH: 11    Dex:  9    Spells: 10/10 levels left

rFire    . . .     SeeInvis .   a - +0 war axe
rCold    . . .     Gourm    .   c - +0 shield
rNeg     + . .     Faith    .   g - +4 chain mail
rPois    ∞         Spirit   .   C - +2 hat {MR+}
rElec    +         Reflect  .   E - +0 cloak
rCorr    .         Harm     .   M - +0 pair of gloves (curse)
MR       +....                  F - +0 pair of boots
Stlth    ..........             G - amulet of regeneration
HPRegen  0.61/turn              l - ring of wizardry
MPRegen  0.12/turn              p - ring of flight

@: no status effects
A: negative energy resistance 1, electricity resistance, unbreathing,
petrification resistance, rot immunity, AC +8
a: Heroism, Finesse, Renounce Religion, Evoke Flight


You were on level 1 of the Lair of Beasts.
You worshipped Okawaru.
Okawaru was extremely pleased with you.
You were near starving.

You visited 3 branches of the dungeon, and saw 12 of its levels.

You collected 718 gold pieces.

Inventory:

Hand Weapons
 a - a +0 war axe (weapon)
Armour
 c - a +0 shield (worn)
 g - a +4 chain mail (worn)
 C - a +2 hat of magic resistance (worn)
 E - a +0 cloak (worn)
 F - a +0 pair of boots (worn)
 I - a +0 plate armour
 M - a cursed +0 pair of gloves (worn)
Jewellery
 l - a ring of wizardry (left hand)
 p - a ring of flight (right hand)
 G - an amulet of regeneration (around neck)
Wands
 x - a wand of scattershot (6)
 J - a wand of polymorph (12)
Scrolls
 b - 3 scrolls of enchant armour {unknown}
 e - 2 scrolls of enchant weapon {unknown}
 h - 2 scrolls of random uselessness {unknown}
 m - 7 scrolls of remove curse
 w - 4 scrolls of amnesia
 z - 2 scrolls of immolation {unknown}
 D - 8 scrolls of teleportation
 H - a scroll of fear {unknown}
 L - a scroll of acquirement {unknown}
Potions
 d - 2 potions of might
 i - 3 potions of resistance
 j - 2 potions of ambrosia
 k - 4 potions of degeneration
 n - 2 potions of agility {unknown}
 o - 3 potions of cancellation
 q - 2 potions of flight {unknown}
 s - 2 potions of haste
 t - 3 potions of heal wounds
 u - 7 potions of curing
 v - 2 potions of mutation {unknown}
 A - 3 potions of brilliance
 B - 2 potions of berserk rage {unknown}
 K - a potion of magic {unknown}
Comestibles
 f - 23 rations


   Skills:
 + Level 9.1 Fighting
 * Level 10.2 Axes
 + Level 9.1 Armour
 + Level 9.1 Shields


You had 10 spell levels left.
You didn't know any spells.
Your spell library contained the following spells:

 Spells                   Type           Power        Failure   Level  Hunger
 Animate Skeleton         Necr           N/A          87%         1    ##.....
 Flame Tongue             Conj/Fire      #....        87%         1    ##.....
 Infusion                 Chrm           #...         87%         1    ##.....
 Pain                     Necr           #...         87%         1    ##.....
 Sandblast                Erth           #.....       87%         1    ##.....
 Passwall                 Tmut/Erth      #.......     95%         2    ###....
 Poisonous Vapours        Pois/Air       #.....       95%         2    ###....
 Shroud of Golubria       Chrm/Tloc      #.........   95%         2    ###....
 Song of Slaying          Chrm           #.......     95%         2    ###....
 Throw Flame              Conj/Fire      #.....       95%         2    ###....
 Conjure Flame            Conj/Fire      #.......     99%         3    ####...
 Inner Flame              Hex/Fire       #.......     99%         3    ####...
 Mephitic Cloud           Conj/Pois/Air  #.......     99%         3    ####...
 Regeneration             Chrm/Necr      #.........   99%         3    ####...
 Spectral Weapon          Hex/Chrm       #.......     99%         3    ####...
 Stone Arrow              Conj/Erth      #.....       99%         3    ####...
 Vampiric Draining        Necr           #.........   99%         3    ####...
 Animate Dead             Necr           N/A          100%        4    #####..
 Petrify                  Tmut/Erth      #.......     100%        4    #####..
 Sticky Flame             Conj/Fire      #.......     100%        4    #####..
 Fireball                 Conj/Fire      #.........   100%        5    ######.
 Lee's Rapid Deconstruct  Erth           #.........   100%        5    ######.
 Freezing Cloud           Conj/Ice/Air   #.........   100%        6    #######
 Ring of Flames           Chrm/Fire      #.........   100%        7    #######


Dungeon Overview and Level Annotations

Branches:
Dungeon (10/15)            Temple (1/1) D:5            Lair (1/6) D:9
    Orc: D:9-12

Altars:
Ashenzari
Cheibriados
Dithmenos
Elyvilon
Fedhas
Gozag
Hepliaklqana
Kikubaaqudgha
Makhleb
Nemelex Xobeh
Okawaru
Qazlal
Ru
Sif Muna
Trog
Uskayaw
Vehumet
Wu Jian
Xom
Yredelemnul
Zin
The Shining One

Annotations:
D:9 4 transporters, kirsanium's ghost, novice OpFi
Lair:1 exclusion: oklob plant


Innate Abilities, Weirdness & Mutations

You are resistant to torment.
Your stone body is resilient. (AC +8)
You are immune to poison.
You resist negative energy. (rN+)
You are resistant to electric shocks. (rElec)
You can survive without breathing.
You are immune to petrification.
You are immune to rotting.


Message History

Okawaru accepts your kill. The komodo dragon bites you!!
* * * LOW HITPOINT WARNING * * *
You block the hippogriff's attack. x2
The hippogriff claws you but does no damage.
You hit the komodo dragon.
The komodo dragon is severely wounded.
You hit the hippogriff. The komodo dragon bites you.
* * * LOW HITPOINT WARNING * * *
The hippogriff bites you.
* * * LOW HITPOINT WARNING * * *
You block the hippogriff's attack.
The hippogriff claws you but does no damage.
Your shield and chain mail prevent you from hitting the komodo dragon.
The komodo dragon is severely wounded.
You completely miss the hippogriff. You block the komodo dragon's attack.
The hippogriff barely misses you.
The hippogriff pecks you but does no damage.
The hippogriff barely misses you. The komodo dragon bites you!
You die...

...................(..).≈
.......................≈≈
.......................≈≈
.......................≈≈
........................≈
.......≈≈≈≈≈............≈
......≈≈≈≈≈≈≈..........≈≈
##.#..≈≈≈≈≈....†H..P##
###..≈≈≈≈≈≈<..l@..##
##.≈≈≈≈≈≈.......#
#..≈≈≈≈≈.......#
#..≈≈≈≈≈≈≈.....#
##..≈≈≈≈.......#
##..≈≈≈.......#
###..........#
#P.#.......# ##.........#


You could see a komodo dragon and a hippogriff.

Vanquished Creatures
  Gastronok (D:10)
  A two-headed ogre (D:8)
  A komodo dragon (Lair:1)
  A troll (D:10)
  A spriggan (D:8)
  Eustachio (D:6)
  A steam dragon (D:8)
  Edmund (D:6)
  2 insubstantial wisps (D:8)
  A porcupine (D:9)
  A black bear (D:9)
  An orc warrior (D:9)
  2 sky beasts
  3 ice beasts
  2 phantoms
  5 ogres
  3 centaurs
  A crocodile (Lair:1)
  A big kobold (D:9)
  8 bullfrogs
  Blork the orc (D:6)
  A wyvern zombie (D:7)
  7 scorpions
  9 killer bees
  4 wights (D:9)
  11 howler monkeys
  A vampire bat (D:5)
  2 bullfrog zombies
  3 crimson imps
  5 orc priests
  A centaur skeleton (D:5)
  2 jellies
  4 bullfrog skeletons
  4 iguanas
  5 worker ants
  6 orc wizards
  4 gnolls
  A howler monkey skeleton (D:6)
  13 adders
  4 shadow imps
  2 oozes
  3 worms (D:2)
  2 dart slugs (D:1)
  3 fire bats (D:5)
  2 leopard geckos
  34 orcs
  2 spectral bats (D:5)
  17 bats
  A bat simulacrum (D:5)
  3 bat skeletons (D:5)
  A bat zombie (D:5)
  5 giant cockroaches
  5 goblins
  6 hobgoblins
  10 jackals
  4 quokkas
  A ball python (D:2)
  9 frilled lizards
  18 kobolds
  A quokka skeleton (D:4)
  10 rats
265 creatures vanquished.

Vanquished Creatures (others)
  2 sky beasts (D:8)
  An adder (D:8)
  An orc (D:8)
  2 fungi (D:9)
6 creatures vanquished.

Grand Total: 271 creatures vanquished

Notes
Turn   | Place    | Note
-------+----------+-------------------------------------------
     0 | D:1      | PgLoLo the Gargoyle Fighter began the quest for the Orb.
     0 | D:1      | Reached XP level 1. HP: 14/14 MP: 1/1
    66 | D:1      | Reached skill level 2 in Axes
    79 | D:1      | Reached XP level 2. HP: 17/19 MP: 2/2
   336 | D:1      | Reached XP level 3. HP: 17/23 MP: 3/3
  1018 | D:2      | Reached XP level 4. HP: 27/29 MP: 4/4
  1179 | D:2      | Reached skill level 3 in Axes
  1253 | D:2      | Reached XP level 5. HP: 24/33 MP: 5/5
  2122 | D:3      | Reached XP level 6. HP: 35/38 MP: 6/6
  2195 | D:4      | Noticed a phantom
  2234 | D:4      | Killed a phantom
  2234 | D:4      | Reached skill level 4 in Axes
  2297 | D:4      | Reached XP level 7. HP: 33/44 MP: 7/7
  2501 | D:4      | Reached skill level 5 in Armour
  2861 | D:4      | Reached skill level 5 in Fighting
  2861 | D:4      | Reached skill level 5 in Shields
  2980 | D:4      | Found a glowing silver altar of Zin.
  3076 | D:5      | Entered Level 5 of the Dungeon
  3092 | D:5      | Reached skill level 5 in Axes
  3457 | D:5      | Reached XP level 8. HP: 49/49 MP: 8/8
  3740 | D:5      | Found a staircase to the Ecumenical Temple.
  3749 | Temple   | Entered the Ecumenical Temple
  3786 | Temple   | Became a worshipper of Warmaster Okawaru
  4032 | D:6      | Reached skill level 6 in Axes
  4180 | D:6      | Noticed Blork the orc
  4188 | D:6      | Killed Blork the orc
  4188 | D:6      | Reached * piety under Okawaru
  4271 | D:6      | Found a shimmering altar of Xom.
  4346 | D:6      | Reached XP level 9. HP: 55/55 MP: 9/9
  4489 | D:6      | Noticed Eustachio
  4537 | D:6      | Killed Eustachio
  4537 | D:6      | Reached skill level 7 in Axes
  4605 | D:6      | Noticed Edmund
  4631 | D:6      | Killed Edmund
  4870 | D:7      | Found a white marble altar of Elyvilon.
  4992 | D:7      | Reached ** piety under Okawaru
  5629 | D:8      | Reached skill level 8 in Axes
  5687 | D:8      | Noticed a two-headed ogre
  5697 | D:8      | Killed a two-headed ogre
  5697 | D:8      | Reached *** piety under Okawaru
  5697 | D:8      | Reached XP level 10. HP: 53/64 MP: 10/10
  6346 | D:8      | Reached skill level 9 in Axes
  6403 | D:8      | Reached **** piety under Okawaru
  6889 | D:9      | Found a transporter.
  6890 | D:9      | Noticed kirsanium's ghost (novice OpFi)
  7033 | D:9      | Found a transporter.
  7034 | D:9      | Found a transporter.
  7292 | D:9      | Found a transporter.
  7489 | D:9      | Found a staircase to the Lair.
  7674 | D:10     | Entered Level 10 of the Dungeon
  7689 | D:10     | Noticed Gastronok
  7712 | D:10     | HP: 2/65 [Gastronok (26)]
  7715 | D:10     | Killed Gastronok
  7715 | D:10     | Reached ***** piety under Okawaru
  7715 | D:10     | Reached skill level 10 in Axes
  7715 | D:10     | Reached XP level 11. HP: 4/71 MP: 11/11
  7990 | D:9      | Noticed a great orb of eyes
  8030 | Lair:1   | Entered Level 1 of the Lair of Beasts
  8146 | Lair:1   | Noticed an oklob plant
  8220 | Lair:1   | Slain by a komodo dragon

Levels and vault maps discovered:
D:1:      grunt_arrival_lava_bath, layout_basic
D:2:      layout_rooms
D:3:      layout_rooms, minmay_misc_feat_x
D:4:      cheibrodos_pilgrimage, layout_basic, kennysheep_mini, chequers_jeans
D:5:      layout_rooms, minmay_temple_entry_mini_moons, first_ration,
          goddamned_bats
D:6:      layout_loops_ring, brannock_xom_greatest_gift, uniq_edmund,
          uniq_eustachio, uniq_blork_the_orc
D:7:      layout_cave_pools, basic_altar
D:8:      layout_basic, the_bakery, hangedman_misty_isle
D:9:      gammafunk_jiyva_shrine, layout_irregular_city,
          grunt_lair_entry_orc_guard_hut, gammafunk_ghost_mausoleum
D:10:     layout_irregular_city, ploomutoo_gammafunk_ghost_potion_laboratory,
          lemuel_flamethrower_1, uniq_gastronok
Temple:   compressed_dpeg_circular_temple
Lair:1:   layout_big_grid, chequers_serial_rivers_large_a, beast_lair_carwin_11,
          infiniplex_staircase_pool, minmay_lair_oklob_chamber

Skill      XL: |  1  2  3  4  5  6  7  8  9 10 |
---------------+-------------------------------+-----
Axes           | 2 3 4 5 6 8 10 | 10.2
Fighting       | 4 5 6 7 9 |  9.1
Armour         | 4 5 6 7 9 |  9.1
Shields        | 4 5 6 7 9 |  9.1

Action                   |  1- 3 |  4- 6 |  7- 9 | 10-12 || total
-------------------------+-------+-------+-------+-------++-------
Melee: War axe           |   123 |   207 |   574 |   430 ||  1334
  Use: Scroll            |       |     5 |       |     9 ||    14
  Eat: Chunk             |       |     5 |    13 |     7 ||    25
Armor: Scale mail        |    79 |    37 |       |       ||   116
       Chain mail        |       |    89 |   464 |   330 ||   883
Dodge: Dodged            |    53 |    52 |   154 |   118 ||   377
Block: Shield            |    79 |   120 |   358 |   314 ||   871

Table legend:
 A = Non-vault XP
 B = Vault XP
 C = Vault XP percentage of total XP
 D = Non-vault monster count
 E = Vault monster count
 F = Vault count percentage of total count
                 A         B        C        D         E       F
            +---------+---------+-------+---------+---------+-------
      Total |    7348 |    4748 |  39.3 |     223 |      44 |  16.5
            +---------+---------+-------+---------+---------+-------
        D:1 |      56 |       0 |   0.0 |      27 |       0 |   0.0
        D:2 |     154 |       0 |   0.0 |      33 |       0 |   0.0
        D:3 |     120 |       0 |   0.0 |      25 |       0 |   0.0
        D:4 |     411 |     166 |  28.8 |      11 |       7 |  38.9
        D:5 |     599 |     169 |  22.0 |      21 |      20 |  48.8
        D:6 |    1154 |     467 |  28.8 |      30 |       3 |   9.1
        D:7 |     748 |       0 |   0.0 |      20 |       0 |   0.0
        D:8 |    2076 |     900 |  30.2 |      25 |       7 |  21.9
        D:9 |    1445 |     578 |  28.6 |      27 |       5 |  15.6
       D:10 |     382 |    2130 |  84.8 |       2 |       1 |  33.3
     Lair:1 |     203 |     338 |  62.5 |       2 |       1 |  33.3
            +---------+---------+-------+---------+---------+-------
